 Dungeon Crawl Stone Soup version 0.29.0-5-ge4962eb29e (webtiles) character file.

Game seed: 10636145873043221486

12 GigaChad the Slasher (level 2, -20/27 HPs)
             Began as a Minotaur Chaos Knight on Aug 29, 2022.
             Was a Plaything of Xom.
             Killed by an exploding endoplasm (38 damage)
             ... ignited by their inner flame
             ... on level 1 of the Dungeon.
             The game lasted 00:03:31 (266 turns).

GigaChad the Slasher (Minotaur Chaos Knight)         Turns: 266, Time: 00:03:43

Health: -20/27     AC:  5    Str: 16    XL:     2   Next: 20%
Magic:  1/1        EV:  9    Int:  9    God:    Xom [...*..]
Gold:   11         SH: 11    Dex:  9    Spells: 1/1 levels left

rFire   . . .      SeeInvis .   a - +0 falchion (chaos)
rCold   + . .      Faith    .   f - +0 kite shield
rNeg    . . .      Spirit   .   b - +2 leather armour
rPois   .          Reflect  +   (helmet restricted)
rElec   .          Harm     .   (no cloak)
rCorr   .          Rampage  .   (no gloves)
Will    .....                   (no boots)
Stlth   +.........              e - amulet of reflection
HPRegen 0.09/turn               (no ring)
MPRegen 0.07/turn               (no ring)

@: no status effects
A: horns 2, retaliatory headbutt, cold resistance 1, MP-powered wands
a: Renounce Religion


You were on level 1 of the Dungeon.
You worshipped Xom.
You were a favourite toy of Xom.
You visited 1 branch of the dungeon, and saw 1 of its levels.

You collected 11 gold pieces.

Inventory:

Hand Weapons
 a - a +0 falchion of chaos (weapon)
Armour
 b - a +2 leather armour (worn)
 f - a +0 kite shield (worn)
Jewellery
 e - an amulet of reflection (around neck)
Potions
 d - a potion of curing {unknown}
 g - a potion of magic {unknown}
Miscellaneous
 c - a piece from Xom's chessboard (14/15) (quivered)


   Skills:
 + Level 3.9 Fighting
 + Level 4.0 Long Blades
 + Level 2.6 Armour
 + Level 1.1 Dodging
 + Level 0.2 Shields


You had one spell level left.
You didn't know any spells.
Your spell library contained the following spells:

 Spells                   Type           Power      Damage    Failure   Level
 Poisonous Vapours        Pois/Air       0%         N/A       95%         2
 Corpse Rot               Necr/Pois/Air  0%         N/A       100%        4


Dungeon Overview and Level Annotations

Branches:
Dungeon (1/15)

Altars:


Innate Abilities, Weirdness & Mutations

You have a pair of horns on your head.
You reflexively headbutt those who attack you in melee.
Your flesh is cold resistant. (rC+)
You expend magic power (3 MP) to strengthen your wands.


Message History

An endoplasm is nearby!
Really walk into that cloud of poison gas?
Okay, then.
As you read the scroll labelled TERONEUJUH, it crumbles to dust.
The creatures around you are filled with an inner flame!
It was a scroll of immolation.
You make a move on Xom's chessboard...
The endoplasm seems to speed up.
Unknown command.
An endoplasm is nearby!
The endoplasm hits you. The endoplasm freezes you.
You are frozen.
You resist. You block the endoplasm's attack. You block the endoplasm's attack.
The endoplasm closely misses you.
The endoplasm hits you but does no damage.
You block the endoplasm's attack. The endoplasm freezes you.
You are frozen.
You resist. The endoplasm barely misses you. The endoplasm freezes you.
You are frozen.
You resist. The endoplasm freezes you.
You are frozen.
You resist. The endoplasm freezes you.
You are frozen.
You resist.
The endoplasm jiggles.
The endoplasm hits you but does no damage.
The endoplasm freezes you.
You are frozen.
You resist. The endoplasm barely misses you.
The endoplasm hits you but does no damage.
You block the endoplasm's attack.
You hit the endoplasm.
Flame seeps out of the endoplasm.
The endoplasm is lightly wounded.
The endoplasm is engulfed in blazing flames.
The endoplasm explodes!
The fiery explosion engulfs you!!!
Ouch! That really hurt!
You die...
Xom snickers!

#.####.###.###)###.###.
#######+####○..†...'.#.....+.
#####..........○.#'#.#+#####.#'#.
...............☼°°.#.+.....#.#.'.
...............°.#.#.#.....#.#.#.
.......###....##○#○###..>..#+#.#.
.......# #....##.#☼# #.)<..#.#.#.
.......# #....##.☼○# #.....+.#.+.
######## #....##@#+# #####'#.#'#.
#......# ##.####○§..○☼.# #.....+.
#......####.# #○###.### ###.####
#...........# #.# #.#
#.......##### ☼.# #.# #.......#
... ... #.......# ##. ###
##......# . #......#


There were no monsters in sight!

Vanquished Creatures
  3 ball pythons (D:1)
  An endoplasm (D:1)
  A hobgoblin (D:1)
  3 jackals (D:1)
  2 kobolds (D:1)
10 creatures vanquished.

Notes
Turn   | Place    | Note
-------+----------+-------------------------------------------
     0 | D:1      | GigaChad the Minotaur Chaos Knight began the quest for the
                  | Orb.
     0 | D:1      | Reached XP level 1. HP: 19/19 MP: 0/0
    18 | D:1      | XOM: silly message
    33 | D:1      | XOM: silly message
    55 | D:1      | XOM: enchant monster (good)
    85 | D:1      | XOM: give mutations
    85 | D:1      | Gained mutation: Your flesh is cold resistant. (rC+) [Xom's
                  | grace]
    85 | D:1      | Gained mutation: You expend magic power (3 MP) to
                  | strengthen your wands. [Xom's grace]
   106 | D:1      | Reached XP level 2. HP: 19/27 MP: 1/1
   129 | D:1      | XOM: 1-stop teleportation journey
   138 | D:1      | Reached skill level 4 in Long Blades
   266 | D:1      | Killed by an exploding endoplasm... ignited by their inner
                  | flame

Illustrated notes

Levels and vault maps discovered:
D:1:      shiori_arrival_maze, layout_basic, hellmonk_ecumenical_altar_lost_god

Skill      XL: |  1  2 |
---------------+-------+-----
Long Blades    | 4 |  4.0
Fighting       | |  3.9
Armour         | |  2.6
Dodging        | |  1.1
Shields        | |  0.2

Action                   || total
-------------------------++-------
Melee: Falchion          ||    25
       Headbutt          ||     2
Evoke: Piece from Xom's  ||     1
  Use: Scroll            ||     3
Armor: Leather armour    ||    17
Dodge: Dodged            ||    23
Block: Kite shield       ||    35
